 Seeded DCSS version 0.25-a0-577-ga4619f4 (webtiles) character file.

Game seed: 1238329274241733368, levelgen mode: deterministic

91 Faels the Gusty (level 4, -3/35 HPs)
             Began as a Demigod Air Elementalist on Mar 1, 2020.
             Slain by Crazy Yiuf
             ... wielding a +2 quarterstaff of chaos
              (19 damage)
             ... on level 2 of the Dungeon.
             The game lasted 00:11:19 (3087 turns).

Faels the Gusty (Demigod Air Elementalist)          Turns: 3087, Time: 00:11:19

Health: -3/35      AC:  3    Str: 11    XL:     4   Next: 12%
Magic:  15/19      EV: 13    Int: 21    God:
Gold:   144        SH:  0    Dex: 16    Spells: 1/7 levels left

rFire    . . .     SeeInvis .   k - +1 dagger
rCold    . . .     Gourm    .   (no shield)
rNeg     . . .     Faith    .   a - +0 robe
rPois    .         Spirit   .   s - +0 helmet
rElec    .         Reflect  .   (no cloak)
rCorr    .         Harm     .   (no gloves)
MR       .....                  (no boots)
Stlth    +++.......             (no amulet)
HPRegen  0.11/turn              e - ring of stealth
MPRegen  0.16/turn              u - ring of magical power

@: sluggish, very slow
A: high mp 1
a: no special abilities


You were on level 2 of the Dungeon.
You were not hungry.

You visited 1 branch of the dungeon, and saw 3 of its levels.

You collected 144 gold pieces.

Inventory:

Hand Weapons
 f - a +0 short sword
 k - a +1 dagger (weapon)
 p - a +0 spear
 v - a +0 club
 w - a +0 morningstar
Missiles
 b - 48 bolts
 n - 3 javelins (quivered)
Armour
 a - a +0 robe (worn)
 s - a +0 helmet (worn)
Jewellery
 e - a ring of stealth (left hand)
 u - a ring of magical power (right hand)
Scrolls
 g - a scroll of blinking {unknown}
 h - a scroll of identify {unknown}
 i - a scroll of enchant weapon
 j - a scroll of noise {unknown}
 l - a scroll of random uselessness {unknown}
 m - 3 scrolls of remove curse {unknown}
 q - 2 scrolls of fog {unknown}
 x - 2 scrolls of magic mapping {unknown}
Potions
 d - 2 potions of brilliance {unknown}
 o - a potion of degeneration {unknown}
 t - a potion of stabbing {unknown}
Comestibles
 c - 4 rations


   Skills:
 + Level 1.4 Fighting
 + Level 1.3 Short Blades
 + Level 2.4 Dodging
 - Level 1.7 Stealth
 + Level 2.3 Spellcasting
 + Level 1.7 Conjurations
 - Level 2.7 Air Magic


You had one spell level left.
You knew the following spells:

 Your Spells              Type           Power        Failure   Level  Hunger
a - Shock                 Conj/Air       ##..         6%          1    #......
b - Swiftness             Chrm/Air       #.......     12%         2    ##.....
c - Static Discharge      Conj/Air       ##......     17%         3    ###....

Your spell library contained the following spells:

 Spells                   Type           Power        Failure   Level  Hunger
 Airstrike                Air            ##........   43%         4    #####..
 Lightning Bolt           Conj/Air       ##........   85%         5    ######.


Dungeon Overview and Level Annotations

Branches:
Dungeon (3/15)

Annotations:
D:2 Crazy Yiuf


Innate Abilities, Weirdness & Mutations

You have an increased reservoir of magic. (+10% MP)


Message History

Casting: Shock (safe; 6% risk of failure)
Confirm with . or Enter, or press ? or * to list all spells.
You feel quick.
Crazy Yiuf hits you with a +2 quarterstaff of chaos.
Crazy Yiuf freezes you.
Crazy Yiuf drinks a potion.
Crazy Yiuf goes berserk!
There is an open translucent door here.
You hear a shout!
You start to feel a little slower.
You feel sluggish.
There is an open door here.
Okay, then.
As you read the scroll labeled TUCLOS ILAXEMINUSS, it crumbles to dust.
It is a scroll of enchant weapon.
Your +0 dagger glows red for a moment.
Crazy Yiuf barely misses you.
Crazy Yiuf hits you with a +2 quarterstaff of chaos!
You feel your power leaking away.
Crazy Yiuf hits you with a +2 quarterstaff of chaos!!
Ouch! That really hurt!
You die...

#.###..#.# #.# #...............#
#...#..#.###.# #...............#
###.#..#.....####..^.......######
....#..#...................#
#####..'...................#
.......#..............######
########.###..........#
...#..................#
##.#.###.###....@.....# ##### ###
###.#g###### #.#.# ♣♣♣♣♣##.#.#
#####♣♣♣.♣...###.#
#...#♣g.♣......#.#
#...'.♣♣♣♣.......# #)..#♣♣
♣♣..#...# ##### ♣♣####.#


You could see Crazy Yiuf (berserk).

Vanquished Creatures
  Robin (D:2)
  3 adders (D:2)
  An ooze (D:1)
  A worm (D:2)
  A leopard gecko (D:2)
  A ball python (D:2)
  2 bats (D:1)
  13 goblins
  5 hobgoblins
  3 jackals (D:2)
  6 kobolds
  A frilled lizard (D:2)
  2 rats (D:2)
40 creatures vanquished.

Vanquished Creatures (others)
  A goblin (D:2)
1 creature vanquished.

Grand Total: 41 creatures vanquished

Notes
Turn   | Place    | Note
-------+----------+-------------------------------------------
     0 | D:1      | Faels the Demigod Air Elementalist began the quest for the
                  | Orb.
     0 | D:1      | Reached XP level 1. HP: 14/14 MP: 5/5
   186 | D:1      | Reached skill level 1 in Conjurations
   589 | D:1      | Reached XP level 2. HP: 20/22 MP: 1/7
  1286 | D:2      | Reached XP level 3. HP: 24/27 MP: 4/8
  1330 | D:2      | Found a sacrificial altar of Ru.
  1366 | D:2      | Reached skill level 1 in Fighting
  1458 | D:2      | Learned a level 2 spell: Swiftness
  1462 | D:2      | Learned a level 3 spell: Static Discharge
  1473 | D:2      | Reached skill level 1 in Short Blades
  2193 | D:2      | Noticed Robin
  2206 | D:2      | Killed Robin
  2335 | D:2      | Reached XP level 4. HP: 35/35 MP: 5/10
  2579 | D:2      | You fall into a shaft and drop 1 floor!
  2872 | D:2      | Found a runed translucent door.
  2873 | D:2      | Noticed Crazy Yiuf
  3087 | D:2      | Slain by Crazy Yiuf

Levels and vault maps discovered:
D:1:      elethiomel_arrival_shortcut, layout_basic
D:2:      layout_basic, nicolae_ru_sacrificial_ziggurat, first_ration,
          uniq_robin, uniq_crazy_yiuf_cottage
D:3:      layout_loops_ring, minmay_goblin_outpost, uniq_sigmund, uniq_terence

Skill      XL: |  1  2  3 |
---------------+----------+-----
Conjurations   | 1 |  1.7
Dodging        | 2 |  2.4
Spellcasting   | 2 |  2.3
Fighting       | 1 |  1.4
Short Blades   | 1 |  1.3
Stealth        | |  1.7
Air Magic      | |  2.7

Action                   |  1- 3 |  4- 6 || total
-------------------------+-------+-------++-------
Melee: Dagger            |    75 |    16 ||    91
       Short sword       |     9 |       ||     9
Throw: Javelin           |     2 |       ||     2
 Cast: Shock             |    62 |     6 ||    68
       Swiftness         |     1 |     1 ||     2
  Use: Scroll            |       |     1 ||     1
 Stab: Sleeping          |     1 |       ||     1
  Eat: Chunk             |     5 |     2 ||     7
Armor: Robe              |    12 |     2 ||    14
Dodge: Dodged            |    50 |    18 ||    68

Table legend:
 A = Non-vault XP
 B = Vault XP
 C = Vault XP percentage of total XP
 D = Non-vault monster count
 E = Vault monster count
 F = Vault count percentage of total count
                 A         B        C        D         E       F
            +---------+---------+-------+---------+---------+-------
      Total |      95 |      36 |  27.5 |      29 |      12 |  29.3
            +---------+---------+-------+---------+---------+-------
        D:1 |      23 |       0 |   0.0 |      10 |       0 |   0.0
        D:2 |      72 |      36 |  33.3 |      19 |      12 |  38.7
            +---------+---------+-------+---------+---------+-------
